Map: Lightshade LE

Players

Tristano - Winner!

  • Race: Protoss Protoss
  • Spawn Location: 11:00

VOD

Have the link to the VOD?

Description

Time

  • Played on: Dec. 22, 2020, 8:26 a.m.
  • Length: 14:31
Show
View Real Time Build Order
Export as new Build Order

Tristano Protoss - Winner!

Build Orders:  

Get SALT Encoding   

  12  0:06  Probe (Chrono Boost)  
  13  0:25  Probe (Chrono Boost)  
  14  0:42  Probe (Chrono Boost)  
  15  1:14  Pylon  
  16  1:41  Probe (Chrono Boost)  
  16  1:47  Gateway  
  16  1:52  Pylon  
  16  1:58  Probe (Chrono Boost)  
  17  2:24  Nexus  
  17  2:26  Pylon  
  17  2:39  Gateway  
  17  2:40  Gateway  
  17  2:49  Pylon  
  17  3:29  Zealot  
  19  3:49  Zealot  
  21  3:50  Zealot  
  23  4:07  Zealot  
  24  4:16  Probe (Chrono Boost)  
  25  4:27  Zealot  
  25  4:28  Zealot  
  29  4:33  Probe (Chrono Boost)  
  30  4:45  Zealot  
  33  4:50  Probe (Chrono Boost)  
  33  5:05  Zealot  
  33  5:06  Zealot  
  33  5:07  Probe (Chrono Boost)  
  38  5:23  Zealot  
  38  5:24  Probe (Chrono Boost)  
  41  5:35  Probe (Chrono Boost)  
  43  5:41  Probe (Chrono Boost)  
  43  5:43  Zealot  
  43  5:44  Zealot  
  47  5:58  Probe (Chrono Boost)  
  48  6:01  Zealot  
  48  6:07  Gateway  
  50  6:15  Probe (Chrono Boost)  
  51  6:21  Zealot x2  
  56  6:32  Probe (Chrono Boost)  
  56  6:39  Zealot  
  58  6:49  Probe (Chrono Boost)  
  59  6:59  Zealot  
  61  7:01  Nexus  
  61  7:06  Probe (Chrono Boost)  
  62  7:22  Pylon  
  62  7:47  Zealot  
  62  7:49  Probe (Chrono Boost)  
  65  8:03  Zealot x2  
  65  8:06  Probe (Chrono Boost)  
  70  8:39  Pylon  
  70  8:41  Zealot x4  
  70  8:43  Probe (Chrono Boost)  
  80  8:51  Probe (Chrono Boost)  
  81  9:00  Probe (Chrono Boost)  
  81  9:08  Probe (Chrono Boost)  
  82  9:17  Probe (Chrono Boost)  
  82  9:19  Zealot x4  
  91  9:25  Probe (Chrono Boost)  
  92  9:42  Probe (Chrono Boost)  
  93  10:26  Pylon  
  93  10:33  Pylon  
  93  10:39  Probe (Chrono Boost)  
  93  10:51  Zealot x4  
  103  11:01  Probe (Chrono Boost)  
  102  11:17  Probe (Chrono Boost)  
  103  11:29  Zealot x3  
  109  12:21  Pylon  
  109  12:46  Zealot x3  
  109  12:49  Probe (Chrono Boost)  
  116  12:50  Unknown  
  116  13:06  Probe (Chrono Boost)  
  117  13:42  Zealot  
  117  13:49  Pylon  
  117  14:10  Unknown  
  117  14:15  Probe (Chrono Boost)  
Tags
 
Add a new tag
Caveats
  • Supply blocks, unpowered buildings, or Contaminate may cause inaccurate times.
  • Supply counts are checked every 10 seconds.